AoeStats
← juanse071213

Arena

509489713Analyzed
2v2 RM · 5d ago on Sep 27, 2026· 52m 38s· 4 players
Game mode
Random Map
Map size
Medium (4 player)
Population
200
Speed
Normal
Resources
Standard
Victory
Conquest
Starting age
Dark Age
Ending age
Imperial Age
RankedLock teamsTeams togetherTeam positionsShared explorationLock speedFull tech treeHidden civsTurbo modeCheats
Victory
Defeat
🇦🇺 Britons · Australia
965
+16
🇧🇷 Burgundians · Brazil
963
+16
🇻🇺 Spanish · Vanuatu
1053
-20
🇨🇴 Khmer · Colombia
866
-12
suso9871
10:35 Feudal Age
11:39 Horse Collar
17:28 Castle Age
15:15 Town Watch
15:51 Double-Bit Axe
18:48 Stone Mining
21:03 Fletching
23:54 Wheelbarrow
30:14 Hand Cart
35:54 Gold Mining
37:24 Stone Shaft Mining
37:09 Heavy Plow
40:56 Imperial Age
38:44 Bow Saw
39:37 Fortified Wall
40:20 Husbandry
40:00 Pikeman
40:41 Squires
42:01 Conscription
41:04 Cavalier
48:52 Halberdier
51:51 Supremacy
juanse071213
0:52 Loom
1:58 Loom
11:54 Feudal Age
12:39 Horse Collar
13:16 Double-Bit Axe
14:34 Wheelbarrow
19:05 Castle Age
18:10 Forging
19:49 Scale Barding Armor
20:20 Bow Saw
21:05 Heavy Plow
23:56 Fletching
24:11 Padded Archer Armor
27:15 Iron Casting
28:20 Scale Mail Armor
27:44 Pikeman
28:09 Arson
37:21 Imperial Age
35:16 Husbandry
35:55 Leather Archer Armor
35:36 Bodkin Arrow
36:22 Gold Mining
38:25 Conscription
39:15 Gold Shaft Mining
40:31 Ballistics
41:14 Chemistry
40:03 Cavalier
42:54 Fortified Wall
43:58 Blast Furnace
Aguillon_Mignon
11:16 Feudal Age
10:34 Double-Bit Axe
11:25 Horse Collar
13:39 Feudal Age
15:07 Feudal Age
16:42 Stone Mining
19:35 Castle Age
18:08 Bow Saw
18:15 Heavy Plow
32:11 Gold Mining
34:01 Gold Shaft Mining
35:34 Squires
35:21 Arson
38:12 Two-Man Saw
42:26 Scale Mail Armor
44:52 Forging
47:13 Imperial Age
45:47 Chain Mail Armor
48:08 Scale Barding Armor
48:13 Burgundian Vineyards
50:18 Hoardings
50:51 Conscription
51:16 Loom
51:24 Fletching
51:42 Elite Coustillier
53:34 Iron Casting
TheSpider007917
5:18 Loom
10:54 Feudal Age
11:51 Double-Bit Axe
18:05 Castle Age
16:12 Gold Mining
16:41 Arson
17:07 Stone Mining
17:02 Horse Collar
17:33 Fletching
18:28 Padded Archer Armor
19:24 Bow Saw
19:04 Town Watch
19:46 Squires
21:24 Pikeman
22:51 Wheelbarrow
23:17 Man-at-Arms
27:00 Bodkin Arrow
27:20 Leather Archer Armor
27:32 Heavy Plow
29:03 Crossbowman
30:40 Hand Cart
30:25 Town Patrol
36:02 Imperial Age
33:58 Yeomen
36:02 Husbandry
35:23 Light Cavalry
37:46 Bracer
37:50 Scale Mail Armor
38:48 Conscription
40:04 Chemistry
39:01 Murder Holes
39:18 Fortified Wall
38:50 Treadmill Crane
40:17 Ballistics
39:42 Arrowslits
40:09 Masonry
41:53 Elite Longbowman
42:34 Warwolf
43:10 Hoardings
43:42 Ring Archer Armor
43:28 Chain Mail Armor
43:23 Forging
43:56 Gambesons
45:21 Architecture
44:58 Siege Engineers
44:46 Capped Ram
48:40 Long Swordsman
Connection lost

Rejoining the realm…

Still unreachable

The connection could not be restored.

Session expired

The server has moved on; the page needs a fresh start.